 Dungeon Crawl Stone Soup version 0.29-a0-275-g389c0b56f3 (webtiles) character file.

Game seed: 4596531057889670496

105 dolemite99 the Bolt Thrower (level 4, -1/33 HPs)
             Began as a Mummy Hunter on Mar 10, 2022.
             Slain by an orc
             ... wielding a +0 club
              (4 damage)
             ... on level 2 of the Dungeon.
             The game lasted 00:03:21 (2661 turns).

dolemite99 the Bolt Thrower (Mummy Hunter)          Turns: 2661, Time: 00:03:21

Health: -1/33      AC:  6    Str: 15    XL:     4   Next: 53%
Magic:  4/4        EV:  6    Int: 10    God:
Gold:   105        SH:  0    Dex: 14    Spells: 3/3 levels left

rFire   x . .      SeeInvis .   a - +1 hand crossbow
rCold   + . .      Faith    .   (no shield)
rNeg    + + +      Spirit   .   f - +0 scale mail
rPois   ∞          Reflect  .   (no helmet)
rElec   .          Harm     .   (no cloak)
rCorr   .          Rampage  .   (no gloves)
Will    .....                   (no boots)
Stlth   ..........              (no amulet)
HPRegen 0.11/turn               (no ring)
MPRegen 0.09/turn               (no ring)

@: constricted
A: cold resistance 1, negative energy resistance 3, torment resistance 2, heat
vulnerability 1, in touch with death 1, no potions
a: no special abilities


You were on level 2 of the Dungeon.
You visited 1 branch of the dungeon, and saw 2 of its levels.

You collected 105 gold pieces.

Inventory:

Hand Weapons
 a - a +1 hand crossbow (weapon)
Missiles
 j - 4 javelins
Armour
 b - a +0 leather armour
 f - a +0 scale mail (worn)
Magical Staves
 i - a staff of death
Wands
 n - a wand of flame (9)
Scrolls
 c - a scroll of immolation
 d - a scroll of fear {unknown}
 e - a scroll of identify {unknown}
 g - a scroll of amnesia {unknown}
 h - a scroll of magic mapping {unknown}
 l - a scroll of noise {unknown}
 m - a scroll of vulnerability {unknown}
Potions
 k - a potion of mutation {unknown}
 o - 2 potions of heal wounds {unknown}


   Skills:
 - Level 2.0 Fighting
 + Level 5.0 Crossbows
 - Level 1.5 Dodging
 - Level 0.7 Stealth


You had 3 spell levels left.
You didn't know any spells.
Your spell library was empty.

Dungeon Overview and Level Annotations

Branches:
Dungeon (2/15)

Altars:


Innate Abilities, Weirdness & Mutations

You are immune to poison.
Your flesh is cold resistant. (rC+)
You are immune to negative energy. (rN+++)
You are immune to unholy pain and torment.
You are vulnerable to heat. (rF-)
You are in touch with the powers of death.
You do not drink.


Message History

You shoot a bolt.
The bolt hits the orc priest but does no damage.
The orc priest is heavily wounded.
The ball python bites you but does no damage.
The ball python grabs you. The ball python constricts you.
The ball python bites you. The ball python constricts you.
Shoot: a) +1 hand crossbow
Press: ? - help, Shift-Dir - straight line, f/p - orc priest
Aim: an orc priest, wielding a +0 mace and wearing a +0 chain mail (heavily wounded, 71% to hit)
You shoot a bolt.
The bolt hits the orc priest but does no damage.
The orc priest is heavily wounded.
The ball python bites you but does no damage.
The ball python constricts you. The orc hits you but does no damage.
The ball python bites you but does no damage.
The ball python constricts you. The orc barely misses you.
The orc priest hits you but does no damage.
Shoot: a) +1 hand crossbow
Press: ? - help, Shift-Dir - straight line, f/p - orc priest
Aim: an orc priest, wielding a +0 mace and wearing a +0 chain mail (heavily wounded, 71% to hit)
You shoot a bolt. The bolt hits the orc priest.
The orc priest is severely wounded.
The ball python closely misses you. The ball python constricts you.
The orc hits you with a +0 whip. The orc priest barely misses you.
The orc hits you with a +0 club. The ball python closely misses you.
The ball python constricts you.
Shoot: a) +1 hand crossbow
Press: ? - help, Shift-Dir - straight line, f/p - orc priest
Aim: an orc priest, wielding a +0 mace and wearing a +0 chain mail (severely wounded, 71% to hit)
You shoot a bolt.
The bolt hits the orc priest but does no damage.
The orc priest is severely wounded.
The orc barely misses you. The orc closely misses you.
The orc priest hits you with a +0 mace. The ball python bites you.
The ball python constricts you.
The orc priest invokes the aid of Beogh against you.
Beogh smites you!
* * * LOW HITPOINT WARNING * * *
The orc hits you with a +0 club.
You die...

...####.#
#.#####.### .#
.........##. #. ..#
#.#####..##.# _ #..#
#.# #..##..#.#...
#.#####..# ...#...
## #.#<.....# ....
.. #[......## #S##.#
........#######.@o.#
................oo.#
#.......#########..#
##.....## #.#
###...##### ...
........... #.#:
###..###### .. .
#..### ### #....#


You could see an orc priest, 2 orcs and a ball python.

Vanquished Creatures
  3 gnolls (D:2)
  An adder (D:2)
  2 dart slugs (D:1)
  4 ball pythons
  5 bats
  5 endoplasms
  A giant cockroach (D:2)
  4 goblins
  8 hobgoblins
  2 jackals (D:1)
  7 quokkas
  2 frilled lizards (D:1)
  8 kobolds
  5 rats
57 creatures vanquished.

Notes
Turn   | Place    | Note
-------+----------+-------------------------------------------
     0 | D:1      | dolemite99 the Mummy Hunter began the quest for the Orb.
     0 | D:1      | Reached XP level 1. HP: 16/16 MP: 1/1
   348 | D:1      | Reached XP level 2. HP: 21/22 MP: 2/2
   576 | D:1      | Reached skill level 4 in Crossbows
  1030 | D:1      | Gained mutation: You are in touch with the powers of death.
                  | [Mummy growth]
  1030 | D:1      | Reached XP level 3. HP: 27/27 MP: 3/3
  1801 | D:2      | Reached XP level 4. HP: 28/33 MP: 4/4
  2252 | D:2      | Reached skill level 5 in Crossbows
  2653 | D:2      | Found a faded altar of an unknown god.
  2661 | D:2      | Slain by an orc

Illustrated notes

Levels and vault maps discovered:
D:1:      minmay_arrival_four_houses, layout_basic, minivault_27,
          chequers_serial_rivers_micro_b
D:2:      layout_loops_ring, chequers_ecumenical_altar_simple_redux

Skill      XL: |  1  2  3  4 |
---------------+-------------+-----
Crossbows      | 4 5 |  5.0
Fighting       | |  2.0
Dodging        | |  1.5
Stealth        | |  0.7

Action                   |  1- 3 |  4- 6 || total
-------------------------+-------+-------++-------
 Fire: Hand crossbow     |   134 |    40 ||   174
Armor: Leather armour    |     4 |       ||     4
       Scale mail        |    34 |     6 ||    40
Dodge: Dodged            |    44 |    25 ||    69

Table legend: (Time is in decaauts)
 A = Elapsed time spent in this place.
 B = Non-inter-level travel time spent in this place.
 C = Inter-level travel time spent in this place.
 D = Time resting spent in this place.
 E = Time spent auto-exploring this place.
 F = Levels seen in this place.
 G = Mean time per level.
                   A        B        C        D        E       F      G
               +--------+--------+--------+--------+--------+-----+--------+
         Total |   2743 |   2737 |      6 |   1135 |   1155 |   2 | 1371.5 |
       Dungeon |   2743 |   2737 |      6 |   1135 |   1155 |   2 | 1371.5 |
               +--------+--------+--------+--------+--------+-----+--------+

Top non-repeatable levels by time:
     D:1: 1610 daAuts
     D:2: 1133 daAuts
